Map: Carnage sur Korhal EC

Players

zidar - Winner!

  • Race: Zerg Zerg
  • League: Silver
  • Spawn Location: 3:00

andi

  • Race: Zerg Zerg
  • League: Silver
  • Spawn Location: 9:00

VOD

Have the link to the VOD?

Description

Time

  • Played on: April 28, 2016, 12:06 p.m.
  • Length: 9:17
Show
View Real Time Build Order
Export as new Build Order

zidar Zerg - Winner!

Build Orders: Pool First 

Get SALT Encoding   

  12  0:02  Drone  
  13  0:12  Overlord  
  13  0:17  Drone  
  14  0:30  Drone x2  
  14  0:34  Drone  
  17  0:46  Spawning Pool  
  17  0:50  Drone  
  17  1:00  Drone  
  18  1:17  Hatchery  
  17  1:27  Drone  
  17  1:30  Extractor  
  17  1:31  Drone  
  18  1:39  Zergling x2  
  18  1:40  Zergling x2  
  19  1:52  Zergling x2  
  20  2:03  Zergling x2  
  21  2:33  Zergling x8  
  21  2:36  Queen  
  25  2:39  Overlord  
  27  2:45  Metabolic Boost  
  27  2:53  Queen, Baneling Nest  
  32  3:05  Drone x4  
  32  3:12  Extractor  
  31  3:18  Roach Warren  
  23  3:47  Drone  
  23  3:48  Drone x5  
  28  4:00  Zergling x8  
  32  4:08  Spine Crawler  
  32  4:09  Spine Crawler  
  30  4:10  Zergling x2  
  31  4:33  Evolution Chamber  
  31  4:38  Roach x3  
  36  4:57  Overlord x2  
  36  4:58  Overlord  
  36  5:04  Zerg Missile Weapons Level 1  
  36  5:22  Overlord  
  36  5:25  Roach x4  
  36  5:28  Drone x2  
  46  5:54  Roach x5  
  56  5:58  Drone  
  56  5:59  Drone  
  56  6:03  Roach  
  60  6:19  Overlord  
  60  6:20  Overlord  
  60  6:35  Pneumatized Carapace  
  60  6:38  Roach x3  
  60  6:39  Roach  
  68  6:54  Roach  
  68  6:55  Roach x3  
  71  7:24  Overlord x2  
  71  7:45  Drone x11  
  66  8:17  Roach  
  66  8:18  Roach x8  
  72  8:54  Roach x2  
  72  8:55  Roach x4  
Show
View Real Time Build Order
Export as new Build Order

andi Zerg 

Build Orders: Pool First 

Get SALT Encoding   

  12  0:19  Spawning Pool  
  11  0:29  Drone  
  11  0:30  Drone x2  
  14  0:40  Overlord  
  14  1:07  Zergling x2  
  14  1:08  Zergling x2  
  14  1:10  Queen  
  18  1:17  Drone  
  19  1:37  Hatchery  
  18  1:52  Drone x2  
  18  1:54  Drone  
  21  1:55  Extractor  
  20  2:17  Overlord x2  
  18  2:31  Zergling x2  
  18  2:32  Zergling x4  
  21  2:41  Spine Crawler  
  20  2:52  Queen  
  20  2:56  Drone x3  
  25  3:15  Spine Crawler  
  23  3:31  Zergling x2  
  23  3:32  Zergling x16  
  23  3:45  Drone x3  
  26  4:02  Metabolic Boost  
  26  4:11  Queen  
  26  4:16  Drone  
  29  4:20  Drone  
  31  4:24  Drone  
  31  4:50  Queen  
  31  4:51  Queen  
  35  4:53  Drone  
  35  4:55  Drone  
  37  5:12  Drone x2  
  39  5:14  Drone  
  39  5:15  Drone x3  
  43  5:25  Spore Crawler  
  42  5:29  Spore Crawler  
  41  5:50  Roach Warren  
  40  6:05  Zergling x2  
  40  6:06  Zergling x6  
  40  6:08  Overlord x4  
  44  6:26  Zergling x16  
  52  6:36  Lair  
  52  6:38  Drone x2  
  54  7:15  Roach x9  
  56  7:38  Ravager x4  
  47  8:18  Extractor  
  46  8:20  Extractor  
  46  8:21  Drone x2  
  46  8:22  Drone  
  46  8:23  Drone x5  
  46  8:24  Drone x7  
  40  8:48  Roach  
  40  8:49  Roach x5  
Tags
 
Add a new tag
Caveats
  • Supply blocks, unpowered buildings, or Contaminate may cause inaccurate times.
  • Supply counts are checked every 10 seconds.